 Dungeon Crawl Stone Soup version 0.31-a0-112-gdf0485fa37 (webtiles) character file.

Game seed: 1966975378195807213

9559 sanka the Nimble (level 11, -6/72 HPs)
             Began as a Kobold Earth Elementalist on May 28, 2023.
             Was a Priest of Vehumet.
             Mangled by an orc warlord
             ... wielding a +8 broad axe
              (31 damage)
             ... in a bailey.
             The game lasted 00:22:52 (11781 turns).

sanka the Nimble (Kobold Earth Elementalist)       Turns: 11781, Time: 00:22:53

Health: -6/72      AC: 12    Str:  6    XL:     11   Next: 76%
Magic:  15/15      EV: 22    Int: 27    God:    Vehumet [***...]
Gold:   157        SH:  0    Dex: 15    Spells: 10/16 levels left

rFire   . . .        a - +1 dagger (elec)
rCold   . . .        (no shield)
rNeg    . . .        K - +0 steam dragon scales
rPois   .            x - +2 hat
rElec   .            (no cloak)
rCorr   .            d - +0 pair of gloves
SInv    .            (no boots)
Will    .....        B - amulet of regeneration
Stlth   +++          O - +4 ring of protection
HPRegen 1.12/turn    p - +6 ring of intelligence
MPRegen 0.14/turn

%: no passive effects
@: no status effects
A: small, no large weapons, nightstalker 3
a: Renounce Religion


You were in a bailey.
You worshipped Vehumet.
Vehumet was most pleased with you.
You visited 2 branches of the dungeon, and saw 11 of its levels.
You also visited: Sewer and Bailey.

You collected 669 gold pieces.
You spent 512 gold pieces at shops.


Innate Abilities, Weirdness & Mutations

You are small and have problems with some larger weapons.
You are completely attuned to the shadows.


   Skills:
 + Level 10.0 Fighting
 * Level 13.9 Dodging
 - Level 2.6 Stealth
 - Level 3.0 Spellcasting
 - Level 6.0 Conjurations
 - Level 1.0 Transmutations
 - Level 8.0 Earth Magic


You had 10 spell levels left.
You knew the following spells:

 Your Spells              Type           Power      Damage    Failure   Level
x - Stone Arrow           Conj/Erth      82%        3d12      1%          3
z - Sandblast             Erth           94%        2d19      1%          1
N - Passwall              Tmut/Erth      23%        N/A       1%          2

Your spell library contained the following spells:

 Spells                   Type           Power      Damage    Failure   Level
 Olgreb's Toxic Radiance  Pois           4%         N/A       22%         4
 Foxfire                  Conj/Fire      80%        2x1d8     1%          1
 Kiss of Death            Conj/Necr      80%        2d11      1%          1
 Apportation              Tloc           8%         N/A       9%          1
 Necrotise                Necr           16%        1d4       9%          1
 Summon Small Mammal      Summ           16%        N/A       9%          1
 Petrify                  Tmut/Erth      28%        N/A       14%         4
 Fireball                 Conj/Fire      10%        3d6       17%         5
 Confusing Touch          Hex            4%         N/A       26%         3
 Portal Projectile        Hex/Tloc       8%         N/A       26%         3
 Tukima's Dance           Hex            4%         N/A       26%         3
 Dispel Undead            Necr           4%         3d7       65%         4
 Starburst                Conj/Fire      10%        6d5       65%         6
 Blade Hands              Tmut           4%         N/A       85%         5
 Plasma Beam              Fire/Air       2%         2x1d13    95%         6
 Chain Lightning          Conj/Air       10%        3d13      100%        9
 Fire Storm               Conj/Fire      10%        8d3       100%        9
 Shatter                  Erth           23%        3d20*     100%        9

Inventory:

Hand Weapons
 a - a +1 dagger of electrocution (weapon)
 b - a +2 dagger of venom
 w - a +2 dagger of speed
 C - a +1 spear of distortion
Missiles
 y - a throwing net {=f}
Armour
 d - a +0 pair of gloves (worn)
 q - the +0 robe of the Cobbler {rElec rN+ Regen+ Str+3}

   Str:       It affects your strength (+3).
   rElec:     It insulates you from electricity.
   rN:        It protects you from negative energy.
   Regen:     It increases your rate of health regeneration.
 x - a +2 hat (worn)
 K - +0 steam dragon scales (worn)
 L - a +1 robe of the Archmagi
Jewellery
 p - a +6 ring of intelligence (right hand)
 B - an amulet of regeneration (around neck)
 J - a ring of positive energy
 O - a +4 ring of protection (left hand)
Wands
 l - a wand of roots (8)
 F - a wand of mindburst (21)
 G - a wand of paralysis (11)
 M - a wand of quicksilver (12)
Scrolls
 e - 5 scrolls of immolation {!r}
 g - 5 scrolls of blinking
 i - 2 scrolls of noise {!r}
 k - 3 scrolls of enchant weapon
 m - 6 scrolls of teleportation {@r4}
 o - 2 scrolls of magic mapping
 r - 2 scrolls of vulnerability {!r}
 s - a scroll of poison {!r}
 A - 2 scrolls of fear
 E - a scroll of fog {unknown}
 I - a scroll of silence {unknown}
 N - 3 scrolls of enchant armour {unknown}
Potions
 c - 6 potions of mutation {!q}
 f - 2 potions of haste {@q3}
 h - a potion of magic
 j - a potion of might
 n - a potion of attraction {unknown}
 t - 6 potions of heal wounds {@q2}
 u - 2 potions of ambrosia {unknown}
 v - 4 potions of cancellation
 z - 4 potions of curing {@q1}
 D - a potion of brilliance {unknown}
 H - a potion of berserk rage {unknown}
 P - a potion of enlightenment {unknown}
 Q - a potion of invisibility {unknown}
Miscellaneous
 R - a phantom mirror (inert)

Dungeon Overview and Level Annotations

Branches:
Dungeon (10/15)            Temple (1/1) D:4           Sewer (visited)
 Bailey (1/1)
   Lair: D:8-11         Orc: D:9-12

Altars:
Cheibriados
Dithmenos
Elyvilon
Fedhas
Gozag
Hepliaklqana
Kikubaaqudgha
Makhleb
Nemelex Xobeh
Ru
Sif Muna
Uskayaw
Vehumet
Wu Jian
Xom
Yredelemnul
Zin
The Shining One

Shops:
D:2 *   D:3 [ D:6

* ▒..8..8...▒~~~~~▒.........▒▒
.........)▒~)~~~▒..........▒≈≈♣
..........'.)(..'....8..8..▒≈≈♣
...8......▒▒▒▒▒▒▒▒▒........▒≈≈♣
▒.....)▒▒▒▒~~~▒~~~▒▒...(..▒▒≈≈♣
▒▒.....▒~~▒~......~▒.....▒▒...♣
▒▒....▒~.......o!~▒....▒▒....♣
▒..)▒▒~8.8...8o8▒▒....▒.....♣♣
▒.).'~~.......K.▒.....'......♣
▒)..'~~....∩....▒.....'...∩.∩♣
▒...'~~.........▒.....'......♣
▒.(.▒▒~8.8...8.8▒▒....▒.....♣♣
▒▒..(.▒~........?~▒....▒▒....♣
▒▒.....▒~~▒~.....)~▒)....▒▒...♣
▒......▒▒▒▒~~~▒~~~▒▒......▒▒≈≈♣
...8......▒▒▒▒▒▒▒▒▒........▒≈≈♣
..........'.....'....8..8..▒≈≈♣


You could see an orc warlord (ally target) and a friendly orc warlord (summoned,
drained).


Message History

Things that are here:
a +0 hand axe; a +0 leather armour; a gnoll corpse
Things that are here:
a +0 hand axe; a +0 ring mail; an orc corpse
There is an open translucent gate here.
You enter the shallow water.
You see here a phantom mirror.
R - a phantom mirror
Aiming: Phantom Mirror
Aim: an orc warlord, wielding a +8 broad axe and wearing a +0 chain mail You reflect the orc warlord with the mirror!
The mirror clouds!
Your orc warlord hits the orc warlord with a +8 broad axe!
The orc warlord hits you with a +8 broad axe!
Unknown command.
Your orc warlord hits the orc warlord with a +8 broad axe!
The orc warlord hits you with a +8 broad axe!!
The orc warlord hits your orc warlord with a +8 broad axe!!
You see here a potion of experience.
The orc warlord attacks as you move away!
The orc warlord hits you with a +8 broad axe!!
* * * LOW HITPOINT WARNING * * *
The orc warlord hits your orc warlord with a +8 broad axe!
Your orc warlord hits the orc warlord with a +8 broad axe!!
The orc warlord hits you with a +8 broad axe!!
* * * LOW HITPOINT WARNING * * *
The orc warlord hits your orc warlord with a +8 broad axe!
The orc warlord attacks as you move away!
The orc warlord hits you with a +8 broad axe!!
You die...

Action                     |  1- 3 |  4- 6 |  7- 9 | 10-12 || total
---------------------------+-------+-------+-------+-------++-------
  Melee: Dagger            |       |    39 |     1 |    15 ||    55
   Cast: Sandblast         |    33 |    75 |   161 |   177 ||   446
         Stone Arrow       |       |       |       |    24 ||    24
  Evoke: Wand              |       |       |       |     1 ||     1
         Phantom mirror    |       |       |       |     1 ||     1
    Use: Scroll            |       |     4 |     5 |     5 ||    14
         Potion            |       |     3 |     1 |     1 ||     5
 Armour: Robe              |       |    44 |    11 |     4 ||    59
         Steam dragon scal |       |       |       |    37 ||    37
  Dodge: Dodged            |     3 |   131 |    64 |   188 ||   386

Levels and vault maps discovered:
D:1:      dpeg_arrival_shelter, layout_basic
D:2:      layout_rooms, serial_shops, nicolae_shop_behind_doors,
          minmay_distorted, uniq_terence
D:3:      layout_loops_ring, portal_sewer_entry_e, serial_shops,
          nicolae_shop_behind_doors
D:4:      layout_loops_cross, nicolae_overflow_crystal_walls, temple_green,
          nicolae_underground_beach
D:5:      layout_rooms, nicolae_elyvilon_temple_path,
          mainiacjoe_overflow_alcove_2, lemuel_mausoleum_altar_yredelemnul,
          serial_co_window_serial, co_window_paths_a, co_window_paths_b,
          co_window_corner_a, co_window_corner_a, co_window_paths_b,
          co_window_corner_a, co_window_paths_a, co_window_corner_ca,
          co_window_corner_b, co_window_of_opportunity_b,
          co_window_unsneaky_path_c, co_window_paths_c, co_window_2corner,
          glass_columns_c, glass_columns_b, interstate_on_off,
          minmay_fractal_squares_diagonal_5
D:6:      layout_layer_cave, mainiacjoe_overflow_chevrons, serial_shops,
          nicolae_stop_n_shop_1, minmay_bent, uniq_prince_ribbit1, uniq_menkaure
D:7:      layout_cave_pools, amcnicky_altar_gilded, serial_column_ruins,
          column_ruins_columns_straight, column_ruins_open_small,
          column_ruins_columns_dead_end, column_ruins_open_tiny
D:8:      layout_loops_ring, nemelex_xobeh_ov_fountains_minmay, kennysheep_mini,
          gammafunk_ghost_necromancy, minmay_checkerbox
D:9:      dragon1_lemuel, layout_loops_ring, tso_metal_star,
          gammafunk_temple_overflow_wave, mainiacjoe_overflow_boulevard,
          david_orc_2
D:10:     layout_basic, kennysheep_little_box, enter_bailey_3,
          grunt_decor_one_mirror, minmay_chambers_of_fives
Temple:   nicolae_temple_figure_zero
Bailey:   bailey_axe_bossmonster_kennysheep, bailey

Notes
Turn   | Place    | Note
-------+----------+-------------------------------------------
     0 | D:1      | sanka the Kobold Earth Elementalist began the quest for the
                  | Orb.
     0 | D:1      | Reached XP level 1. HP: 10/10 MP: 3/3
   375 | D:1      | Reached XP level 2. HP: 15/15 MP: 3/5
   413 | D:1      | Reached skill level 3 in Spellcasting
   444 | D:1      | Learned a level 2 spell: Passwall
  1065 | D:2      | Reached XP level 3. HP: 19/19 MP: 5/7
  1088 | D:2      | Learned a level 3 spell: Stone Arrow
  1251 | D:2      | Reached skill level 1 in Conjurations
  1288 | D:2      | Found Iheilur's Assorted Antiques.
  1316 | D:2      | Reached XP level 4. HP: 16/24 MP: 4/8
  1471 | D:2      | Noticed Terence
  1492 | D:2      | Killed Terence
  1493 | D:2      | Reached skill level 2 in Conjurations
  1493 | D:2      | Reached skill level 4 in Earth Magic
  1652 | D:2      | Reached XP level 5. HP: 28/28 MP: 6/9
  1858 | D:2      | Identified the +0 robe of the Cobbler {rElec rN+ Regen+
                  | Str+3}
  2239 | D:3      | Found a glowing drain.
  2244 | Sewer    | Entered a sewer
  2381 | Sewer    | Reached skill level 3 in Conjurations
  2420 | Sewer    | Noticed a kobold brigand
  2423 | Sewer    | Reached XP level 6. HP: 32/32 MP: 5/10
  2486 | Sewer    | Found a burning altar of Makhleb.
  2496 | Sewer    | Noticed Grinder
  2502 | Sewer    | Reached skill level 5 in Earth Magic
  2624 | Sewer    | Killed Grinder
  2625 | Sewer    | Reached skill level 4 in Conjurations
  2625 | Sewer    | Reached XP level 7. HP: 34/36 MP: 5/11
  2694 | Sewer    | Reached skill level 6 in Earth Magic
  3310 | D:3      | Found Vuor Hixt's Armour Shoppe.
  3315 | D:3      | Reached skill level 5 in Conjurations
  3707 | D:4      | Found an opulent altar of Gozag.
  3781 | D:4      | Reached XP level 8. HP: 20/41 MP: 4/12
  3906 | D:4      | Found a staircase to the Ecumenical Temple.
  3912 | Temple   | Entered the Ecumenical Temple
  4038 | Temple   | Became a worshipper of Vehumet
  4989 | D:5      | Entered Level 5 of the Dungeon
  5612 | D:5      | Reached skill level 6 in Conjurations
  5612 | D:5      | Reached skill level 7 in Earth Magic
  5612 | D:5      | Reached skill level 1 in Fighting
  5732 | D:5      | Found an ornate altar of the Wu Jian Council.
  5758 | D:5      | Reached skill level 8 in Earth Magic
  5764 | D:5      | Reached skill level 2 in Fighting
  5773 | D:5      | Reached skill level 3 in Fighting
  5949 | D:5      | Reached XP level 9. HP: 52/52 MP: 9/13
  6002 | D:5      | Reached skill level 4 in Fighting
  6002 | D:5      | Reached skill level 3 in Dodging
  6017 | D:5      | Reached * piety under Vehumet
  6017 | D:5      | Offered knowledge of Kiss of Death by Vehumet.
  6072 | D:5      | Found a basalt altar of Yredelemnul.
  6077 | D:5      | Reached skill level 4 in Dodging
  6151 | D:5      | Reached skill level 5 in Dodging
  6246 | D:5      | Reached skill level 5 in Fighting
  6708 | D:5      | Found a white marble altar of Elyvilon.
  6762 | D:6      | Found Ramoh's General Store.
  6811 | D:6      | Reached skill level 6 in Dodging
  7025 | D:6      | Reached skill level 7 in Dodging
  7147 | D:6      | Reached ** piety under Vehumet
  7148 | D:6      | Reached skill level 6 in Fighting
  7201 | D:6      | Noticed Prince Ribbit
  7203 | D:6      | Killed Prince Ribbit
  7204 | D:6      | Reached skill level 8 in Dodging
  7204 | D:6      | Reached XP level 10. HP: 61/61 MP: 11/14
  7229 | D:6      | Found a blossoming altar of Fedhas.
  7239 | D:6      | Noticed Menkaure
  7242 | D:6      | Killed Menkaure
  7489 | D:6      | Reached skill level 9 in Dodging
  7511 | D:6      | Offered knowledge of Magic Dart by Vehumet.
  8064 | D:6      | Reached skill level 7 in Fighting
  8468 | D:7      | Identified the +2 ring mail of Fuw Weo {Str+4}
  8528 | D:7      | Found a snail-covered altar of Cheibriados.
  8704 | D:7      | Reached skill level 10 in Dodging
  8810 | D:7      | Identified +0 steam dragon scales
  9195 | D:3      | Bought a +1 robe of the Archmagi for 457 gold pieces
  9409 | D:8      | Found a runed translucent gate.
  9409 | D:8      | Found a runed translucent gate.
  9410 | D:8      | Found a runed translucent gate.
  9467 | D:8      | Found a sparkling altar of Nemelex Xobeh.
  9489 | D:8      | Reached skill level 8 in Fighting
  9489 | D:8      | Reached skill level 11 in Dodging
  9907 | D:8      | Reached XP level 11. HP: 69/69 MP: 12/15
 10228 | D:8      | Found a hazy altar of Hepliaklqana.
 10344 | D:8      | Reached skill level 12 in Dodging
 10374 | D:8      | Noticed qborf's ghost (novice OpCj)
 10414 | D:8      | Killed qborf's ghost
 10414 | D:8      | Offered knowledge of Volatile Blastmotes by Vehumet.
 10419 | D:8      | Reached skill level 9 in Fighting
 10526 | D:6      | Bought a potion of curing for 33 gold pieces
 10526 | D:6      | Bought a scroll of identify for 22 gold pieces
 10629 | D:9      | Found a glowing golden altar of the Shining One.
 10741 | D:9      | Noticed a fire dragon
 10747 | D:9      | Noticed a two-headed ogre
 10749 | D:9      | Paralysed by a hornet for 1 turns
 10758 | D:9      | Killed a two-headed ogre
 10759 | D:9      | Reached skill level 13 in Dodging
 10807 | D:9      | Noticed a two-headed ogre
 10811 | D:10     | Entered Level 10 of the Dungeon
 10838 | D:10     | Noticed a centaur warrior
 10861 | D:10     | Killed a centaur warrior
 11015 | D:10     | Found a flagged portal.
 11018 | D:10     | Reached *** piety under Vehumet
 11037 | Bailey   | Entered a bailey
 11236 | Bailey   | Found a runed translucent gate.
 11237 | Bailey   | Found a runed translucent gate.
 11238 | Bailey   | Found a runed translucent gate.
 11333 | Bailey   | Noticed an orc knight
 11338 | Bailey   | Killed an orc knight
 11417 | Bailey   | Noticed an orc warlord
 11629 | Bailey   | Offered knowledge of Olgreb's Toxic Radiance by Vehumet.
 11630 | Bailey   | Reached skill level 10 in Fighting
 11781 | Bailey   | Mangled by an orc warlord

Vanquished Creatures
  A centaur warrior (D:10)
  A two-headed ogre (D:9)
  The ghost of qborf the Destroyer, a novice OpCj of Gozag (D:8)
  An orc knight (Bailey)
  An unseen horror zombie (D:8)
  A troll (D:10)
  Grinder (Sewer)
  A hornet (D:9)
  Prince Ribbit (D:6)
  A shadow (D:9)
  4 yaks
  2 wyverns (D:8)
  2 steam dragons
  An unseen horror simulacrum (D:8)
  Menkaure (D:6)
  3 water moccasins
  5 orc warriors
  4 black bears
  4 sky beasts
  3 ice beasts
  5 centaurs
  2 ogres
  A phantom (D:6)
  A gnoll sergeant (D:6)
  3 kobold brigands
  2 bullfrogs
  3 necrophages (D:5)
  5 scorpions
  2 water moccasin zombies (D:5)
  3 wights
  2 centaur zombies
  2 howler monkeys
  2 jellies
  2 gnoll boudas
  5 hounds
  A quasit (Sewer)
  A human zombie (D:5)
  2 orc priests
  A sleepcap (D:7)
  3 iguanas
  Terence (D:2)
  7 orc wizards
  2 scorpion zombies (D:5)
  A centaur simulacrum (D:8)
  A hound zombie (D:5)
  A killer bee simulacrum (D:8)
  16 gnolls
  A howler monkey skeleton (D:8)
  12 adders
  2 shadow imps
  A white imp (D:8)
  7 ufetubi
  2 worms (D:2)
  A dart slug (D:5)
  26 orcs
  A bat zombie (Sewer)
  5 endoplasms
  5 giant cockroaches
  11 goblins
  9 hobgoblins
  3 jackals (D:4)
  3 quokkas
  3 ball pythons
  6 bats
  3 frilled lizards
  40 kobolds
  4 rats
261 creatures vanquished.

Vanquished Creatures (others)
  2 bat zombies (Sewer)
  A kobold zombie (Sewer)
3 creatures vanquished.

Grand Total: 264 creatures vanquished
